 Dungeon Crawl Stone Soup version 0.26-a0-1012-gedcf9b2963 (webtiles) character file.

Game seed: 13601346800606278604

434 Floopie the Chopper (level 6, -1/56 HPs)
             Began as a Deep Dwarf Delver on Dec 7, 2020.
             Was an Initiate of Elyvilon.
             Slain by an ogre
             ... wielding a +0 giant spiked club
              (20 damage)
             ... on level 7 of the Dungeon.
             The game lasted 00:17:06 (591 turns).

Floopie the Chopper (Deep Dwarf Delver)              Turns: 591, Time: 00:17:06

Health: -1/56      AC: 10    Str: 18    XL:     6   Next: 68%
Magic:  2/2        EV:  6    Int: 10    God:    Elyvilon [......]
Gold:   15         SH:  0    Dex: 14    Spells: 5/5 levels left

rFire    . . .     SeeInvis .   a - +0 hand axe
rCold    . . .     Faith    .   (no shield)
rNeg     . . .     Spirit   .   R - +0 plate armour
rPois    .         Reflect  .   (no helmet)
rElec    .         Harm     .   (no cloak)
rCorr    .         Rampage  .   (no gloves)
Will     .....                  (no boots)
Stlth    ..........             (no amulet)
HPRegen  0.00/turn              U - ring of attention (curse)
MPRegen  0.08/turn              (no ring)

@: non-regenerating, hasted, very quick
A: damage resistance, heal wounds, sense surroundings 1, no regeneration
a: Heal Wounds, Renounce Religion


You were on level 7 of the Dungeon.
You worshipped Elyvilon.
Elyvilon was noncommittal.
You visited 2 branches of the dungeon, and saw 6 of its levels.

You collected 15 gold pieces.

Inventory:

Hand Weapons
 a - a +0 hand axe (weapon)
 Q - a +0 trident of flaming
Missiles
 O - 20 stones
Armour
 b - a +0 leather armour
 R - a +0 plate armour (worn)
Jewellery
 U - a cursed ring of attention (left hand)
Wands
 D - a wand of digging (3)
Scrolls
 c - 2 scrolls of fog
 e - a scroll of fear
 P - a scroll of remove curse {unknown}
 S - a scroll of amnesia {unknown}


   Skills:
 + Level 3.2 Fighting
 * Level 7.5 Axes
 + Level 1.0 Armour
 - Level 2.1 Dodging
 - Level 6.0 Stealth


You had 5 spell levels left.
You didn't know any spells.
Your spell library was empty.

Dungeon Overview and Level Annotations

Branches:
Dungeon (8/15)             Temple (1/1) D:6
   Lair: D:8-11

Altars:
Cheibriados
Elyvilon
Fedhas
Gozag
Hepliaklqana
Kikubaaqudgha
Okawaru
Trog
Uskayaw
Xom
Yredelemnul
Zin
The Shining One

Shops:
D:5 *

Annotations:
D:8 Pikel


Innate Abilities, Weirdness & Mutations

You are resistant to damage.
You can heal yourself by infusing magical energy.
You passively map a small area around you.
You do not regenerate.


Message History

The ogre hits you with a +0 giant spiked club!
The white imp hits you but does no damage.
The orc warrior hits you with a +0 dire flail!
You hit the ogre but do no damage.
The ogre is severely wounded.
You closely miss the white imp. You barely miss the orc warrior.
You hit the ogre but do no damage.
The ogre is severely wounded.
You closely miss the white imp. You barely miss the orc warrior.
The white imp hits you but does no damage.
The orc warrior barely misses you.
The ogre hits you with a +0 giant spiked club!!
* * * LOW HITPOINT WARNING * * *
You feel much better. The white imp barely misses you.
You hit the ogre but do no damage.
The ogre is severely wounded.
You closely miss the orc warrior. You hit the white imp but do no damage.
The orc warrior hits you with a +0 dire flail!
The ogre hits you with a +0 giant spiked club!!
You die...

, .. ..#### , .# #..
..... * , . #.. #..###
* .., ,#..#.####....# ,
* ...
#..#......##.###.# *
... #..#....#.#....o
#.####(.#.#....#..###.#
...............)o)...>#
#.###.#.#.#.####@)#####
#.###o#.#.#.# #5O# **
#.......#.#.# #....
#.###.###o#.# #.####
#.###.oo....# ...
#.≈≈#..##.### *... ,
#.≈≈≈######* ''# ,
#.#≈§§#*, , ...# ,
#.##≈§≈# *


You could see an orc warrior, an ogre and a white imp.

Vanquished Creatures
  A sky beast (D:7)
  An ogre (D:7)
  A howler monkey (D:8)
  A lava snake (D:7)
  2 hounds
  An orc wizard (D:4)
  6 gnolls
  An adder (D:6)
  2 ufetubi
  An adder skeleton (D:7)
  8 orcs
  A quokka (D:7)
  A jackal zombie (D:7)
27 creatures vanquished.

Notes
Turn   | Place    | Note
-------+----------+-------------------------------------------
     0 | D:5      | Floopie the Deep Dwarf Delver began the quest for the Orb.
     0 | D:5      | Reached XP level 1. HP: 20/20 MP: 1/1
    46 | D:4      | Noticed an orc wizard
    57 | D:4      | Killed an orc wizard
    58 | D:4      | Reached skill level 4 in Axes
    58 | D:4      | Reached XP level 2. HP: 6/27 MP: 2/2
    58 | D:4      | Reached XP level 3. HP: 8/33 MP: 3/3
   126 | D:6      | Found a staircase to the Ecumenical Temple.
   141 | Temple   | Entered the Ecumenical Temple
   239 | Temple   | Became a worshipper of Elyvilon the Healer
   265 | D:6      | Reached XP level 4. HP: 33/40 MP: 4/4
   288 | D:5      | Found Ryecyjo's Assorted Antiques.
   301 | D:5      | Reached skill level 5 in Axes
   346 | D:8      | Noticed a sky beast
   350 | D:8      | Noticed a sky beast
   364 | D:8      | Noticed a bullfrog
   365 | D:8      | Reached skill level 3 in Fighting
   365 | D:8      | Reached XP level 5. HP: 36/49 MP: 4/4
   367 | D:8      | Noticed a lemure
   368 | D:8      | Noticed Pikel
   403 | D:7      | Killed a sky beast
   404 | D:7      | Reached skill level 6 in Axes
   404 | D:7      | Reached XP level 6. HP: 11/56 MP: 5/5
   447 | D:7      | Reached skill level 7 in Axes
   463 | D:7      | Found a bloodstained altar of Trog.
   537 | D:7      | Noticed an orc warrior
   576 | D:7      | Reached skill level 1 in Armour
   589 | D:7      | HP: 2/56 [ogre/+0 giant spiked club (21)]
   591 | D:7      | Slain by an ogre

Illustrated notes

Levels and vault maps discovered:
D:4:      layout_loops_corners
D:5:      layout_loops_corners, serial_shops, shop, shop, shop
D:6:      layout_loops_ring, minmay_temple_entry_slanted, uniq_grinder
D:7:      layout_basic, old_standard_altar, fiery_altar_vehumet,
          chequers_temple_overflow_statue_of_worship, basic_altar,
          kennysheep_opposing_triangles
D:8:      layout_rooms, ashenzari_altar_1, enter_ossuary_5,
          gammafunk_ghost_grave, uniq_pikel
Temple:   nicolae_temple_figure_eight

Skill      XL: |  1  2  3  4  5  6 |
---------------+-------------------+-----
Axes           | 4 5 6 7 |  7.5
Fighting       | 3 |  3.2
Armour         | 1 |  1.0
Dodging        | |  2.1
Stealth        | |  6.0

Action                   |  1- 3 |  4- 6 || total
-------------------------+-------+-------++-------
Melee: Hand axe          |    22 |   125 ||   147
 Abil: Heal Wounds       |     2 |    19 ||    21
  Use: Scroll            |     1 |       ||     1
       Potion            |       |     3 ||     3
 Stab: Sleeping          |     2 |     3 ||     5
Armor: Leather armour    |     5 |    16 ||    21
       Plate armour      |       |    40 ||    40
Dodge: Dodged            |    24 |    88 ||   112

Table legend: (Time is in decaauts)
 A = Elapsed time spent in this place.
 B = Non-inter-level travel time spent in this place.
 C = Inter-level travel time spent in this place.
 D = Time resting spent in this place.
 E = Time spent auto-exploring this place.
 F = Levels seen in this place.
 G = Mean time per level.
                   A        B        C        D        E       F      G
               +--------+--------+--------+--------+--------+-----+--------+
         Total |    585 |    554 |     31 |      0 |      0 |   6 |   97.5 |
       Dungeon |    474 |    474 |      0 |      0 |      0 |   5 |   94.8 |
        Temple |    110 |     79 |     31 |      0 |      0 |   1 |  110.0 |
               +--------+--------+--------+--------+--------+-----+--------+

Top non-repeatable levels by time:
     D:7: 221 daAuts
     D:5: 111 daAuts
  Temple: 110 daAuts
     D:6: 68 daAuts
     D:4: 45 daAuts
     D:8: 27 daAuts
